 Dungeon Crawl Stone Soup version 0.28.0-53-g5a82cb258f (webtiles) character file.

Game seed: 6994839530959755588

20 Revguard the Skirmisher (level 2, 23/25 HPs)
             Began as a Palentonga Fighter on June 14, 2022.
             Quit the game on level 1 of the Dungeon.
             The game lasted 00:01:56 (445 turns).

Revguard the Skirmisher (Palentonga Fighter)         Turns: 445, Time: 00:01:56

Health: 23/25      AC:  6    Str: 19    XL:     2   Next: 58%
Magic:  2/2        EV:  7    Int:  8    God:
Gold:   25         SH:  4    Dex:  9    Spells: 1/1 levels left

rFire   . . .      SeeInvis +   a - +0 long sword
rCold   . . .      Faith    .   c - +0 buckler
rNeg    . . .      Spirit   .   b - +0 scale mail
rPois   .          Reflect  .   (no helmet)
rElec   .          Harm     .   (no cloak)
rCorr   .          Rampage  .   (no gloves)
Will    .....                   (no barding)
Stlth   ..........              (no amulet)
HPRegen 0.08/turn               (no ring)
MPRegen 0.08/turn               (no ring)

@: no status effects
A: large, rugged brown scales 3, see invisible, deformed body, roll 1, armoured
tail
a: Rolling Charge


You were on level 1 of the Dungeon.
You visited 1 branch of the dungeon, and saw 1 of its levels.

You collected 25 gold pieces.

Inventory:

Hand Weapons
 a - a +0 long sword (weapon)
Armour
 b - a +0 scale mail (worn)
 c - a +0 buckler (worn)
Potions
 d - a potion of might
 e - a potion of cancellation {unknown}
 f - a potion of invisibility {unknown}
 g - a potion of brilliance {unknown}


   Skills:
 * Level 3.2 Fighting
 + Level 2.1 Long Blades
 * Level 2.6 Armour
 * Level 2.6 Shields
 + Level 0.4 Invocations
 + Level 0.4 Evocations


You had one spell level left.
You didn't know any spells.
Your spell library was empty.

Dungeon Overview and Level Annotations

Branches:
Dungeon (1/15)

Altars:


Innate Abilities, Weirdness & Mutations

You are completely covered in rugged brown scales. (AC +3, +7% HP)
You have supernaturally acute eyesight. (SInv)
Armour fits poorly on your strangely shaped body.
You can roll at nearby foes to attack.
You have a long armoured tail.


Message History

Things that are here:
a +0 short sword; a ball python corpse
g - a glowing amethyst potion A kobold comes into view.
It is wielding a +0 dagger.
Found a hunting sling.
The kobold throws a stone.
The stone closely misses you.
The kobold throws a stone.
The stone hits you but does no damage.
Roll where?
Press: ? - help, Q - select action Dir - move target, f - kobold
Aim: a kobold, wielding a +0 dagger and quivering stones You roll forward with a clatter of scales!
You barely miss the kobold. You tail-slap the kobold.
You kill the kobold!
A bat comes into view.
You hit the bat.
Your tail-slap misses the bat.
The bat is moderately wounded.
The bat barely misses you. The bat hits you.
You hit the bat.
Your tail-slap misses the bat.
The bat is heavily wounded.
The bat barely misses you. The bat hits you.
Found a club.
The bat barely misses you. The bat barely misses you. x2
Things that are here:
a +0 dagger; 5 stones; a kobold corpse The bat hits you but does no damage. x2
You see here a +0 hunting sling.
You barely miss the bat.
The bat is heavily wounded.
The bat hits you but does no damage. The bat hits you.
The bat hits you but does no damage.
You slash the bat!
You kill the bat!
Items here: ( ) ††.
Unknown command.
Unknown command.
Unknown command.
Unknown command.
Are you sure you want to abandon this character and quit the game? (Confirm with "yes".)

# ### #. ..... #..# . #.#.#
#. ##..# #.#.# ##...... #.
#....#.#.# ##..#.#.#
##.##.#.#).)#
##..........#.#..##)#.#.#
#....#.#.#.##......#.#.#..#
+..........................
#....#.#.#.###...######.###
#[....)....###@........#
..#..#.#.#.## ##.########
##........# #.# ###.#.#.##
#.# #.###.......# #.# #
.....#.#>#.## #.# .
.###.......# #.# .#
##.#.#.#.## #.# ..
#.........## #.#


There were no monsters in sight!

Vanquished Creatures
  2 bats (D:1)
  A giant cockroach (D:1)
  A goblin (D:1)
  2 hobgoblins (D:1)
  2 kobolds (D:1)
  A quokka (D:1)
  4 ball pythons (D:1)
  4 frilled lizards (D:1)
  A rat (D:1)
18 creatures vanquished.

Notes
Turn   | Place    | Note
-------+----------+-------------------------------------------
     0 | D:1      | Revguard the Palentonga Fighter began the quest for the
                  | Orb.
     0 | D:1      | Reached XP level 1. HP: 19/19 MP: 1/1
   249 | D:1      | Reached XP level 2. HP: 25/25 MP: 2/2
   445 | D:1      | Quit the game

Illustrated notes

Levels and vault maps discovered:
D:1:      minmay_arrival_five_plusses, layout_loops_corners, serial_shops,
          nicolae_diamond_shop, st_stairs_12, minmay_tiny_reverse_x

Action                   || total
-------------------------++-------
Melee: Long sword        ||    32
       Tailslap          ||     5
 Abil: Rolling Charge    ||    11
Armor: Scale mail        ||    15
Dodge: Dodged            ||    21
Block: Buckler           ||     2
